 Dungeon Crawl Stone Soup version 0.25-a0-940-gc6eaff51cc (webtiles) character file.

Game seed: 3811381014758931257, levelgen mode: deterministic

16978 Hasart the Frost Mage (level 12, 0/59 HPs)
             Began as a Deep Elf Ice Elementalist on May 5, 2020.
             Was an Elder of Vehumet.
             Slain by Fannar
             ... wielding a +0 quarterstaff of freezing
              (3 damage)
             ... on level 11 of the Dungeon.
             The game lasted 00:32:59 (14213 turns).

Hasart the Frost Mage (Deep Elf Ice Elementalist)  Turns: 14213, Time: 00:33:00

Health: 0/59       AC:  7    Str:  5    XL:     12   Next: 14%
Magic:  12/29      EV: 16    Int: 26    God:    Vehumet [****..]
Gold:   870        SH:  5    Dex: 15    Spells: 13/33 levels left

rFire    x . .     SeeInvis .   a - +4 short sword (elec)
rCold    + . .     Gourm    .   D - +0 buckler
rNeg     . . .     Faith    .   J - +0 troll leather armour
rPois    .         Spirit   .   o - +0 helmet
rElec    .         Reflect  .   (no cloak)
rCorr    .         Harm     .   i - +0 pair of gloves
MR       +....                  t - +0 pair of boots
Stlth    ++........             (no amulet)
HPRegen  0.59/turn              g - ring of wizardry
MPRegen  0.21/turn              K - ring of ice

@: no status effects
A: no striking features
a: Renounce Religion


You were on level 11 of the Dungeon.
You worshipped Vehumet.
Vehumet was greatly pleased with you.
You were near starving.

You visited 2 branches of the dungeon, and saw 12 of its levels.
You also visited: Ossuary.

You collected 870 gold pieces.

Inventory:

Hand Weapons
 a - a +4 short sword of electrocution (weapon)
 p - a +2 glaive of holy wrath
Armour
 i - a +0 pair of gloves (worn)
 o - a +0 helmet (worn)
 t - a +0 pair of boots (worn)
 D - a +0 buckler (worn)
 H - a +0 robe of resistance
 J - a +0 troll leather armour (worn)
Magical Staves
 u - an uncursed staff of wizardry
Jewellery
 g - a ring of wizardry (left hand)
 K - a ring of ice (right hand)
Wands
 q - a wand of iceblast (15)
 w - a wand of polymorph (7)
 F - a wand of digging (4)
Scrolls
 d - a scroll of fear
 f - 12 scrolls of identify
 k - 2 scrolls of magic mapping
 r - 5 scrolls of teleportation
 y - 2 scrolls of remove curse
 z - a scroll of summoning {unknown}
 B - 3 scrolls of enchant armour {unknown}
 I - a scroll of amnesia
Potions
 b - 4 potions of curing
 e - 3 potions of heal wounds {unknown}
 h - 5 potions of flight {unknown}
 j - 3 potions of brilliance {unknown}
 l - 3 potions of mutation {unknown}
 m - a potion of magic {unknown}
 n - 3 potions of cancellation {unknown}
 s - 2 potions of berserk rage {unknown}
 v - 4 potions of lignification {unknown}
 x - 11 potions of degeneration {unknown}
 A - a potion of invisibility {unknown}
 C - 3 potions of haste {unknown}
 E - a potion of might {unknown}
Comestibles
 c - 11 rations


   Skills:
 - Level 8.0 Dodging
 - Level 2.4 Stealth
 + Level 4.4 Shields
 + Level 11.2 Spellcasting
 + Level 8.0 Conjurations
 - Level 6.0 Summonings
 - Level 4.0 Translocations
 * Level 13.3 Ice Magic
 - Level 5.0 Evocations


You had 13 spell levels left.
You knew the following spells:

 Your Spells              Type           Power        Failure   Level  Hunger
a - Freeze                Ice            ####         1%          1    None
b - Frozen Ramparts       Ice            ######       1%          3    None
c - Summon Ice Beast      Ice/Summ       #######.     1%          4    None
d - Hailstorm             Conj/Ice       #######.     1%          4    None
e - Blink                 Tloc           N/A          1%          2    None
f - Ozocubu's Refrigerat  Ice            #######...   1%          6    #####..

Your spell library contained the following spells:

 Spells                   Type           Power        Failure   Level  Hunger
 Airstrike                Air            ##........   8%          4    None
 Magic Dart               Conj           ####         1%          1    None
 Call Imp                 Summ           #####...     1%          2    None
 Conjure Flame            Conj/Fire      #####...     1%          3    None
 Mephitic Cloud           Conj/Pois/Air  ####....     1%          3    None
 Ozocubu's Armour         Chrm/Ice       ######..     1%          3    None
 Stone Arrow              Conj/Erth      #####.       1%          3    None
 Ice Form                 Ice/Tmut       ######..     1%          4    None
 Iskenderun's Mystic Bla  Conj/Tloc      #####...     1%          4    None
 Beastly Appendage        Tmut           ##....       2%          1    None
 Sting                    Tmut/Pois      ##..         2%          1    None
 Ignite Poison            Fire/Tmut/Pois ##......     2%          3    None
 Corpse Rot               Necr/Air       N/A          4%          2    None
 Poisonous Vapours        Pois/Air       ##....       4%          2    None
 Slow                     Hex            ##......     4%          2    None
 Sticks to Snakes         Tmut           ##......     4%          2    None
 Lightning Bolt           Conj/Air       #####.....   4%          5    ###....
 Metabolic Englaciation   Hex/Ice        ######....   4%          5    ###....
 Freezing Cloud           Conj/Ice/Air   ######....   7%          6    #####..
 Olgreb's Toxic Radiance  Pois           ##......     8%          4    None
 Spider Form              Tmut/Pois      ##........   9%          3    None
 Simulacrum               Ice/Necr       ######....   26%         6    #####..
 Blade Hands              Tmut           ##........   56%         5    ###....


Dungeon Overview and Level Annotations

Branches:
Dungeon (11/15)            Temple (1/1) D:5            Lair (0/6) D:9
Ossuary (visited)
    Orc: D:9-12

Altars:
Ashenzari
Cheibriados
Dithmenos
Elyvilon
Fedhas
Gozag
Hepliaklqana
Kikubaaqudgha
Makhleb
Nemelex Xobeh
Okawaru
Qazlal
Ru
Sif Muna
Trog
Uskayaw
Vehumet
Wu Jian
Xom
Yredelemnul
Zin
The Shining One

Portals:
Ice
Cave: D:11

Annotations:
D:6 2 transporters, EnegeticOcto's ghost, novice OpFi
D:11 Fannar


Message History

The ice beast barely misses your ice beast.
The ice beast barely misses you.
Your ice beast barely misses Fannar.
Your ice beast closely misses Fannar.
Your ice beast hits Fannar but does no damage.
Fannar hits your ice beast with a +0 quarterstaff of freezing!
Unknown command.
Unknown command.
The ice beast hits your ice beast. The ice beast freezes your ice beast.
Your ice beast completely resists.
The ice beast hits your ice beast. The ice beast freezes your ice beast.
Your ice beast completely resists.
Your ice beast completely misses Fannar.
Your ice beast hits Fannar but does no damage. x2
Unknown command.
You closely miss Fannar.
Fannar is severely wounded.
Fannar hits you with a +0 quarterstaff of freezing!
* * * LOW HITPOINT WARNING * * *
Fannar freezes you.
You die...

*#### ## *...## .#
############....# *******
.######.............#.###**,,,,,,
.........................,,,,,,,,
...............e@.#.∩.#..,,,,,,,,
..............YYY........,,,,,,,,
.).............YYo..#....,,,,,,,,
...............†Y>.......,,,,,<,,
#####........))..........,,******
# #..#+####..††..######***,,,,, #
#..#,,,,#..)...#,,,,,,,,,,,,, #
#..#,,,,#.)....'.,,,,,,,,,,,,
#..#,,,,#......'..,,,,,,,,,,,


You could see Fannar, 3 ice beasts, an orc priest and 3 friendly ice beasts.

Vanquished Creatures
  3 two-headed ogres
  2 unseen horrors
  Pikel (D:8)
  A manticore (D:10)
  An ugly thing (D:11)
  Joseph (D:9)
  A komodo dragon (D:9)
  5 trolls
  A queen bee (D:10)
  Prince Ribbit (D:8)
  2 hippogriffs
  A centaur simulacrum (D:11)
  Sigmund (D:4)
  16 yaks
  A wyvern (D:10)
  A wraith (D:10)
  2 basilisks (D:9)
  A chaos spawn (D:11)
  A water moccasin (D:7)
  A swamp drake (D:9)
  3 phantoms
  2 black bears
  A hornet zombie (D:10)
  4 orc warriors
  An ice beast (D:11)
  3 slaves (D:8)
  A sky beast (D:8)
  11 centaurs
  6 ogres
  2 crocodiles (D:9)
  A big kobold (D:7)
  5 bullfrogs
  6 scorpions
  A water moccasin skeleton (D:9)
  26 killer bees
  6 wights
  5 howler monkeys
  An electric eel (D:10)
  5 crimson imps
  A hound (D:8)
  4 centaur zombies
  A jelly (D:7)
  6 orc priests
  A quasit (D:10)
  2 bullfrog skeletons
  15 orc wizards
  A centaur skeleton (D:5)
  4 worker ants
  A big kobold zombie (Ossuary)
  3 mummies (Ossuary)
  A howler monkey skeleton (D:7)
  A worker ant zombie (D:10)
  7 gnolls
  8 adders
  A hound simulacrum (D:11)
  3 shadow imps
  An ufetubus (D:11)
  An ooze (D:1)
  4 adder skeletons
  3 worms
  4 dart slugs
  5 leopard geckos
  39 orcs
  12 bats
  7 giant cockroaches
  2 gnoll zombies (Ossuary)
  9 goblins
  2 hobgoblins
  9 jackals
  5 kobolds
  A quokka (D:3)
  8 frilled lizards
  A hobgoblin zombie (Ossuary)
  A kobold zombie (Ossuary)
  An orc zombie (Ossuary)
  A quokka skeleton (D:4)
  9 rats
  34 plants (D:10)
353 creatures vanquished.

Vanquished Creatures (collateral kills)
  A polar bear (D:11)
  2 hungry ghosts
  A killer bee (D:11)
  3 wights (D:11)
  A shadow imp (D:11)
  An orc (D:11)
9 creatures vanquished.

Vanquished Creatures (others)
  2 plants (D:10)
2 creatures vanquished.

Grand Total: 364 creatures vanquished

Notes
Turn   | Place    | Note
-------+----------+-------------------------------------------
     0 | D:1      | Hasart the Deep Elf Ice Elementalist began the quest for
                  | the Orb.
     0 | D:1      | Reached XP level 1. HP: 10/10 MP: 6/6
   130 | D:1      | Reached XP level 2. HP: 13/15 MP: 0/8
   870 | D:1      | Reached skill level 5 in Ice Magic
   954 | D:1      | Reached XP level 3. HP: 19/19 MP: 8/10
  1521 | D:2      | Learned a level 3 spell: Frozen Ramparts
  1600 | D:2      | Found a white marble altar of Elyvilon.
  1873 | D:2      | Found a hazy altar of Hepliaklqana.
  2268 | D:3      | Reached XP level 4. HP: 19/24 MP: 9/11
  2781 | D:3      | Reached XP level 5. HP: 28/28 MP: 7/13
  3269 | D:3      | Reached skill level 6 in Ice Magic
  3649 | D:4      | Noticed an ogre
  3658 | D:4      | Killed an ogre
  3658 | D:4      | Reached XP level 6. HP: 32/32 MP: 10/15
  3737 | D:4      | Noticed Sigmund
  3741 | D:4      | Reached skill level 5 in Spellcasting
  4215 | D:4      | Reached skill level 5 in Dodging
  4215 | D:4      | Reached skill level 7 in Ice Magic
  4501 | D:4      | Reached XP level 7. HP: 27/36 MP: 17/17
  4615 | D:4      | Killed Sigmund
  4828 | D:5      | Entered Level 5 of the Dungeon
  4841 | D:5      | Learned a level 4 spell: Summon Ice Beast
  4846 | D:5      | Learned a level 4 spell: Hailstorm
  4929 | D:5      | Found a staircase to the Ecumenical Temple.
  4938 | D:5      | Reached skill level 8 in Ice Magic
  4944 | Temple   | Entered the Ecumenical Temple
  5282 | D:5      | Reached skill level 1 in Summonings
  5282 | D:5      | Reached skill level 1 in Evocations
  5391 | D:5      | Found a glowing golden altar of the Shining One.
  5527 | D:5      | Reached skill level 1 in Conjurations
  5670 | D:5      | Reached XP level 8. HP: 41/41 MP: 19/19
  5875 | D:5      | Identified a scroll of acquirement
  5875 | D:5      | Identified the amulet "Wouchat" {Gourm Str+5} (You acquired
                  | it on level 5 of the Dungeon)
  5880 | D:5      | Learned a level 2 spell: Blink
  5887 | D:5      | Learned a level 6 spell: Ozocubu's Refrigeration
  6121 | D:6      | Found a transporter.
  6121 | D:6      | Noticed EnegeticOcto's ghost (novice OpFi)
  6417 | D:6      | Found a transporter.
  6596 | D:6      | Found a sand-covered staircase.
  6609 | Ossuary  | Entered an ossuary
  7207 | D:6      | Reached skill level 9 in Ice Magic
  7439 | D:6      | Identified the Guide on Sinister Confrontation
  8219 | D:7      | Reached XP level 9. HP: 37/45 MP: 22/22
  8246 | D:7      | Reached skill level 1 in Translocations
  9467 | D:7      | Found a white marble altar of Elyvilon.
  9468 | D:7      | Found a shattered altar of Ashenzari.
  9470 | D:7      | Found a shimmering altar of Xom.
  9479 | D:7      | Found a sacrificial altar of Ru.
  9479 | D:7      | Found a radiant altar of Vehumet.
  9479 | D:7      | Found a bloodstained altar of Trog.
  9479 | D:7      | Found a shimmering blue altar of Sif Muna.
  9479 | D:7      | Found a shadowy altar of Dithmenos.
  9481 | D:7      | Found a glowing silver altar of Zin.
  9482 | D:7      | Found a burning altar of Makhleb.
  9489 | D:7      | Became a worshipper of Vehumet
  9703 | D:7      | Reached skill level 10 in Ice Magic
 10158 | D:8      | Noticed a two-headed ogre
 10160 | D:8      | Noticed Prince Ribbit
 10170 | D:8      | Killed a two-headed ogre
 10170 | D:8      | Reached XP level 10. HP: 50/50 MP: 20/24
 10173 | D:8      | Killed Prince Ribbit
 10693 | D:8      | Noticed Pikel
 10709 | D:8      | Killed Pikel
 11081 | D:9      | Noticed a two-headed ogre
 11092 | D:9      | Killed a two-headed ogre
 11092 | D:9      | Reached skill level 5 in Conjurations
 11092 | D:9      | Reached skill level 5 in Summonings
 11092 | D:9      | Reached skill level 5 in Evocations
 11155 | D:9      | Reached * piety under Vehumet
 11155 | D:9      | Offered knowledge of Foxfire by Vehumet.
 11301 | D:9      | Reached skill level 1 in Shields
 11304 | D:9      | Reached skill level 11 in Ice Magic
 11770 | D:9      | Reached XP level 11. HP: 40/54 MP: 23/26
 12085 | D:9      | Noticed Joseph
 12173 | D:9      | Reached ** piety under Vehumet
 12173 | D:9      | Offered knowledge of Sandblast by Vehumet.
 12236 | D:9      | Killed Joseph
 12336 | D:9      | Found a staircase to the Lair.
 12592 | D:10     | Entered Level 10 of the Dungeon
 12777 | D:10     | Reached skill level 10 in Spellcasting
 12779 | D:10     | Reached skill level 12 in Ice Magic
 12998 | D:10     | Offered knowledge of Static Discharge by Vehumet.
 13018 | D:10     | Found a shimmering altar of Xom.
 13132 | D:10     | Reached *** piety under Vehumet
 13475 | D:10     | Killed an unseen horror
 13598 | D:10     | Offered knowledge of Airstrike by Vehumet.
 13869 | D:11     | Killed an unseen horror
 13895 | D:11     | Noticed a two-headed ogre
 13900 | D:11     | Killed a two-headed ogre
 13900 | D:11     | Reached skill level 13 in Ice Magic
 14005 | D:11     | Reached XP level 12. HP: 59/59 MP: 7/29
 14172 | D:11     | Noticed Fannar
 14191 | D:11     | Found a frozen archway.
 14197 | D:11     | Reached **** piety under Vehumet
 14213 | D:11     | Slain by Fannar

Levels and vault maps discovered:
D:1:      wander_arrival_chamber, layout_basic
D:2:      layout_rooms, nicolae_overflow_crystal_walls, elyvilon_altar_3
D:3:      layout_loops_corners
D:4:      black_bear_nest_2, layout_loops_cross, first_ration, uniq_sigmund
D:5:      layout_basic, tso_metal_star, minmay_temple_entry_sparse_star,
          minmay_misc_feat_rows
D:6:      layout_loops_ring, gammafunk_ghost_stat_death,
          lightli_ossuary_entry_decrepit_ruins, chequers_serial_rivers_small_3
D:7:      layout_loops_ring, minitemple, centaur_isle
D:8:      layout_cave_pools, uniq_prince_ribbit1, uniq_pikel
D:9:      layout_big_octagon, erik_lair_dragon, serial_rivers,
          chequers_serial_rivers_room_b, chequers_serial_rivers_large_b,
          chequers_serial_rivers_room_a, chequers_serial_rivers_micro_a,
          uniq_joseph
D:10:     layout_loops_ring, david_nohive_1, serial_bayou_lagoon_a,
          minmay_ruined_shrine
D:11:     minmay_the_grid_3x2 [minmay_the_grid_spin_star, minmay_the_grid_paths,
          minmay_the_grid_minigrid_large, minmay_the_grid_large_cup,
          minmay_the_grid_medium_cups, minmay_the_grid_prize_four_corners],
          layout_irregular_city, serial_ice, serial_ice_a, serial_ice_c,
          serial_ice_f, serial_ice_h, portal_ice_cave_entry_pillars_1,
          minmay_guarded_unrand_variability, uniq_fannar
Temple:   zaba_magenta_temple

Skill      XL: |  1  2  3  4  5  6  7  8  9 10 11 12 |
---------------+-------------------------------------+-----
Ice Magic      | 5 6 7 8 9 10 11 13 | 13.3
Dodging        | 3 4 5 6 7 8 |  8.0
Spellcasting   | 4 5 6 7 8 9 11 | 11.2
Summonings     | 1 3 4 5 6 |  6.0
Evocations     | 1 3 4 5 |  5.0
Conjurations   | 1 2 4 6 7 8 |  8.0
Translocations | 3 4 |  4.0
Shields        | 1 4 |  4.4
Stealth        | |  2.4

Action                   |  1- 3 |  4- 6 |  7- 9 | 10-12 || total
-------------------------+-------+-------+-------+-------++-------
Melee: Unarmed           |     4 |       |       |       ||     4
       Dagger            |     8 |       |       |       ||     8
       Glaive            |     8 |    67 |   140 |    63 ||   278
       Short sword       |       |       |       |   142 ||   142
 Cast: Freeze            |    61 |     5 |    38 |    28 ||   132
       Frozen Ramparts   |     1 |    12 |    18 |    13 ||    44
       Summon Ice Beast  |       |       |     2 |     9 ||    11
       Ozocubu's Refrige |       |       |    11 |    54 ||    65
Evoke: Wand              |       |       |       |     1 ||     1
  Use: Scroll            |     4 |     4 |     4 |     4 ||    16
       Potion            |       |       |       |     2 ||     2
 Stab: Sleeping          |     3 |     4 |     5 |     2 ||    14
       Distracted        |     1 |       |       |       ||     1
  Eat: Chunk             |     4 |     7 |     9 |    19 ||    39
       Ration            |       |       |     4 |     3 ||     7
Armor: Robe              |    21 |    26 |    15 |       ||    62
       Leather armour    |       |       |    16 |    12 ||    28
       Troll leather arm |       |       |       |    62 ||    62
Dodge: Dodged            |    44 |    62 |   120 |   216 ||   442
Block: Buckler           |       |       |       |    51 ||    51

Table legend:
 A = Non-vault XP
 B = Vault XP
 C = Vault XP percentage of total XP
 D = Non-vault monster count
 E = Vault monster count
 F = Vault count percentage of total count
                 A         B        C        D         E       F
            +---------+---------+-------+---------+---------+-------
      Total |   16284 |    7971 |  32.9 |     264 |      61 |  18.8
            +---------+---------+-------+---------+---------+-------
        D:1 |      55 |       0 |   0.0 |      29 |       0 |   0.0
        D:2 |      27 |       0 |   0.0 |      16 |       0 |   0.0
        D:3 |     186 |       0 |   0.0 |      34 |       0 |   0.0
        D:4 |     464 |     356 |  43.4 |       8 |       2 |  20.0
        D:5 |     385 |       0 |   0.0 |      15 |       0 |   0.0
        D:6 |     925 |       0 |   0.0 |      12 |       0 |   0.0
        D:7 |    1407 |     651 |  31.6 |      42 |       6 |  12.5
        D:8 |    2062 |     867 |  29.6 |      16 |       2 |  11.1
        D:9 |    3780 |    1602 |  29.8 |      36 |       7 |  16.3
       D:10 |    3767 |    2686 |  41.6 |      30 |      23 |  43.4
       D:11 |    3226 |    1632 |  33.6 |      26 |      10 |  27.8
    Ossuary |       0 |     177 | 100.0 |       0 |      11 | 100.0
            +---------+---------+-------+---------+---------+-------
